 Dungeon Crawl Stone Soup version 0.28-a0-474-g535839065c (webtiles) character file.

Game seed: 12575163529558914579

601 quinnr the Zephyrmancer (level 7, -2/40 HPs)
             Began as a Tengu Air Elementalist on Sept 15, 2021.
             Was an Initiate of Sif Muna.
             Slain by a scorpion (8 damage)
             ... on level 5 of the Dungeon.
             The game lasted 00:11:15 (5802 turns).

quinnr the Zephyrmancer (Tengu Air Elementalist)    Turns: 5802, Time: 00:11:16

Health: -2/40      AC:  4    Str:  9    XL:     7   Next: 41%
Magic:  0/12       EV: 15    Int: 17    God:    Sif Muna [......]
Gold:   224        SH:  0    Dex: 14    Spells: 7/12 levels left

rFire   . . .      SeeInvis .   p - +3 dagger (freeze)
rCold   . . .      Faith    .   (no shield)
rNeg    . . .      Spirit   .   i - +2 robe {Will+}
rPois   .          Reflect  .   (helmet restricted)
rElec   .          Harm     .   (no cloak)
rCorr   .          Rampage  .   (no gloves)
Will    +....                   (boots unavailable)
Stlth   ++........              (no amulet)
HPRegen 0.13/turn               (no ring)
MPRegen 0.13/turn               (no ring)

@: about to teleport, flying quickly and evasively, quick
A: beak, talons 3, nimble flight
a: Renounce Religion


You were on level 5 of the Dungeon.
You worshipped Sif Muna.
Sif Muna was noncommittal.
You visited 1 branch of the dungeon, and saw 5 of its levels.

You collected 248 gold pieces.
You spent 24 gold pieces at shops.

Inventory:

Hand Weapons
 p - a +3 dagger of freezing (weapon)
 q - a +1 dagger of speed
Armour
 a - a +0 robe
 i - a +2 robe of willpower (worn)
Wands
 l - a wand of charming (19)
Scrolls
 b - a scroll of enchant armour
 d - 2 scrolls of amnesia
 e - a scroll of teleportation
 h - a scroll of blinking {unknown}
 k - a scroll of noise
 m - a scroll of magic mapping {unknown}
 n - a scroll of acquirement {unknown}
 r - a scroll of enchant weapon {unknown}
 t - a scroll of vulnerability {unknown}
 u - a scroll of silence {unknown}
 v - a scroll of fog {unknown}
Potions
 c - a potion of berserk rage {unknown}
 f - a potion of curing {unknown}
 g - a potion of brilliance {unknown}
 j - 2 potions of might
 o - a potion of ambrosia {unknown}
 s - 2 potions of degeneration


   Skills:
 - Level 2.0 Fighting
 - Level 1.0 Short Blades
 + Level 3.5 Dodging
 - Level 2.0 Stealth
 - Level 3.0 Spellcasting
 - Level 2.0 Conjurations
 + Level 9.1 Air Magic


You had 7 spell levels left.
You knew the following spells:

 Your Spells              Type           Power      Damage    Failure   Level
a - Shock                 Conj/Air       84%        1d8       1%          1
b - Airstrike             Air            16%        N/A       4%          4

Your spell library contained the following spells:

 Spells                   Type           Power      Damage    Failure   Level
 Swiftness                Air            33%        N/A       1%          3
 Static Discharge         Conj/Air       21%        N/A       2%          2


Dungeon Overview and Level Annotations

Branches:
Dungeon (5/15)             Temple (0/1) D:4

Altars:
Cheibriados
Dithmenos
Fedhas
Hepliaklqana
Makhleb
Sif Muna

Shops:
D:1 ?   D:2 ?   D:4 =

Annotations:
D:5 Eustachio, Prince Ribbit


Innate Abilities, Weirdness & Mutations

You have a beak for a mouth.
You have claws for feet.
Your magical nature lets you fly swiftly and evasively.


Message History

You miss Prince Ribbit.
Prince Ribbit blinks!
You can't go down here!
You can't go up here!
Unknown command.
The shadow imp disappears in a puff of smoke!
The quasit closely misses you.
The quasit claws you but does no damage.
The quasit misses you.
Prince Ribbit blinks!
As you read the scroll labelled MITUERCH VUOT, it crumbles to dust.
It is a scroll of amnesia.
Really abort (and waste the scroll)?
Okay, then.
Prince Ribbit hits you.
The quasit bites you but does no damage.
The quasit claws you. The quasit completely misses you.
As you read the scroll labelled HETOAT CILEUHI, it crumbles to dust.
You hear a loud clanging noise!
It was a scroll of noise.
Prince Ribbit hits you! The quasit closely misses you.
The quasit claws you but does no damage.
The quasit misses you.
Eustachio gestures wildly while chanting.
Eustachio blinks!
Prince Ribbit blinks!
As you read the scroll labelled VYNGOI PUIT, it crumbles to dust.
You feel strangely unstable.
It was a scroll of teleportation.
The quasit disappears in a puff of smoke!
Unknown command.
Prince Ribbit misses you.
Casting: Shock (safe; 1% risk of failure)
Confirm with . or Enter, or press ? or * to list all spells.
Aiming: Airstrike (dangerous; 4% risk of failure)
Press: ? - help, Dir - move target, f - scorpion
Aim: a scorpion (empty space bonus: 1/8)
The air twists around and strikes the scorpion.
The scorpion is moderately wounded.
Prince Ribbit hits you!
* * * LOW HITPOINT WARNING * * *
The scorpion stings you!
You die...

###### #.#
#.#######
#.# #.# #.#
#@# #.# #.#
#.# #.# #.#
#.# #.#
#ยง# #.#
#s# #.# #@#
#.# #F# #.#
#.#
#.#######.#
#.........#
#########.#
#.# #.# #.#


You could see Eustachio, Prince Ribbit and a scorpion.

Vanquished Creatures
  Sigmund (D:2)
  An orc warrior (D:4)
  A water moccasin skeleton (D:5)
  3 orc priests
  An orc wizard (D:4)
  A hound skeleton (D:4)
  Robin (D:3)
  3 adders
  3 adder skeletons (D:4)
  3 dart slugs
  8 orcs
  10 endoplasms
  3 giant cockroaches
  18 goblins
  12 hobgoblins
  11 jackals
  5 kobolds
  4 quokkas
  6 ball pythons
  6 bats
  3 frilled lizards
  3 rats
107 creatures vanquished.

Notes
Turn   | Place    | Note
-------+----------+-------------------------------------------
     0 | D:1      | quinnr the Tengu Air Elementalist began the quest for the
                  | Orb.
     0 | D:1      | Reached XP level 1. HP: 10/10 MP: 4/4
   104 | D:1      | HP: 1/10 [jackal (1)]
   106 | D:1      | Reached XP level 2. HP: 1/15 MP: 0/6
   458 | D:1      | Reached skill level 5 in Air Magic
   629 | D:1      | Found Otuanas's Magic Scroll Boutique.
   677 | D:1      | Bought a scroll of identify for 24 gold pieces
   756 | D:1      | Reached XP level 3. HP: 19/19 MP: 4/7
  1265 | D:1      | Reached skill level 6 in Air Magic
  1685 | D:2      | Found Wyllinn's Magic Scroll Emporium.
  1762 | D:2      | Noticed Sigmund
  1774 | D:2      | Killed Sigmund
  1775 | D:2      | Reached skill level 8 in Air Magic
  1775 | D:2      | Reached XP level 4. HP: 18/24 MP: 1/8
  1775 | D:2      | Gained mutation: Your magical nature lets you fly swiftly
                  | and evasively. [Tengu growth]
  1775 | D:2      | Reached XP level 5. HP: 21/28 MP: 1/9
  2388 | D:3      | Reached XP level 6. HP: 32/32 MP: 2/10
  2559 | D:2      | Learned a level 4 spell: Airstrike
  2932 | D:3      | Found a hazy altar of Hepliaklqana.
  2933 | D:3      | Found a shadowy altar of Dithmenos.
  2934 | D:3      | Noticed a shadow
  3124 | D:4      | Noticed Robin
  3130 | D:4      | Reached skill level 1 in Fighting
  3150 | D:3      | Killed Robin
  3442 | D:4      | Noticed an orc warrior
  3691 | D:4      | Found Ulua's Jewellery Shop.
  3756 | D:4      | Reached XP level 7. HP: 38/38 MP: 0/11
  4162 | D:4      | Reached skill level 1 in Short Blades
  4362 | D:4      | Found a staircase to the Ecumenical Temple.
  5238 | D:5      | Entered Level 5 of the Dungeon
  5351 | D:5      | Reached skill level 9 in Air Magic
  5424 | D:5      | Noticed Prince Ribbit
  5664 | D:5      | Found a burning altar of Makhleb.
  5664 | D:5      | Found a shimmering blue altar of Sif Muna.
  5665 | D:5      | Found a blossoming altar of Fedhas.
  5666 | D:5      | Found a snail-covered altar of Cheibriados.
  5724 | D:5      | Became a worshipper of Sif Muna the Loreminder
  5776 | D:5      | Noticed Eustachio
  5802 | D:5      | Slain by a scorpion

Illustrated notes

Levels and vault maps discovered:
D:1:      minmay_arrival_nine_rooms, layout_basic, serial_shops, shop
D:2:      layout_basic, serial_shops, shop, kennysheep_nondescript, uniq_sigmund
D:3:      layout_rooms, riverfiend_overflow_shadow_ancestor
D:4:      layout_basic, minmay_temple_entry_glassed_door, serial_shops, shop,
          uniq_robin
D:5:      layout_basic, chequers_temple_overflow_statue_of_worship,
          roderic_batcave, uniq_eustachio, uniq_prince_ribbit1

Skill      XL: |  1  2  3  4  5  6  7 |
---------------+----------------------+-----
Air Magic      | 5 8 9 |  9.1
Conjurations   | 2 |  2.0
Fighting       | 1 2 |  2.0
Dodging        | 3 |  3.5
Short Blades   | 1 |  1.0
Spellcasting   | 3 |  3.0
Stealth        | |  2.0

Action                   |  1- 3 |  4- 6 |  7- 9 || total
-------------------------+-------+-------+-------++-------
Melee: Unarmed           |    12 |    16 |       ||    28
       Kick              |     1 |     6 |       ||     7
       Dagger            |       |     2 |     3 ||     5
       Peck              |       |     2 |       ||     2
 Cast: Shock             |    84 |   116 |    59 ||   259
       Airstrike         |       |       |     7 ||     7
  Use: Scroll            |     1 |       |     5 ||     6
Armor: Robe              |     7 |     9 |     4 ||    20
Dodge: Dodged            |    32 |    21 |    23 ||    76

Table legend: (Time is in decaauts)
 A = Elapsed time spent in this place.
 B = Non-inter-level travel time spent in this place.
 C = Inter-level travel time spent in this place.
 D = Time resting spent in this place.
 E = Time spent auto-exploring this place.
 F = Levels seen in this place.
 G = Mean time per level.
                   A        B        C        D        E       F      G
               +--------+--------+--------+--------+--------+-----+--------+
         Total |   5610 |   5485 |    125 |    966 |   3715 |   5 | 1122.0 |
       Dungeon |   5610 |   5485 |    125 |    966 |   3715 |   5 | 1122.0 |
               +--------+--------+--------+--------+--------+-----+--------+

Top non-repeatable levels by time:
     D:1: 1613 daAuts
     D:4: 1539 daAuts
     D:3: 998 daAuts
     D:2: 927 daAuts
     D:5: 532 daAuts
